 Dungeon Crawl Stone Soup version 0.23.2-33-g5129a83184 (webtiles) character file.

Game seed: 550233878897628737

861 Felnil the Shield-Bearer (level 7, -12/52 HPs)
             Began as a Mummy Fighter on Aug 8, 2019.
             Was a Plaything of Xom.
             Killed from afar by Folque001's ghost (14 damage)
             ... with a lance of force
             ... on level 6 of the Dungeon.
             The game lasted 00:20:35 (6735 turns).

Felnil the Shield-Bearer (Mummy Fighter)            Turns: 6735, Time: 00:20:36

Health: -12/52     AC: 10    Str: 20    XL:     7   Next: 71%
Magic:  7/7        EV:  7    Int:  7    God:    Xom [..*...]
Gold:   288        SH: 10    Dex: 13    Spells: 6/6 levels left

rFire    . . .     SeeInvis .   d - +2 hand axe (chop)
rCold    . . .     Gourm    .   c - +0 shield
rNeg     + + +     Faith    .   b - +3 scale mail
rPois    ∞         Spirit   .   (no helmet)
rElec    .         Reflect  .   (no cloak)
rCorr    .         Harm     .   (no gloves)
MR       .....                  (no boots)
Stlth    ..........             k - amulet of inaccuracy (curse)
HPRegen  0.17/turn              h - ring of fire
MPRegen  0.10/turn              (no ring)

@: no status effects
A: no food or potions, fire vulnerability, cold resistance 1, negative energy
resistance 3, torment resistance, unbreathing
a: Renounce Religion


You were on level 6 of the Dungeon.
You worshipped Xom.
You were a toy of Xom.
You were not hungry.

You visited 2 branches of the dungeon, and saw 7 of its levels.

You collected 288 gold pieces.

Inventory:

Hand Weapons
 a - a +0 war axe
 d - a +2 hand axe of chopping (weapon)
 l - a +0 hand crossbow of freezing
Armour
 b - a +3 scale mail (worn)
 c - a +0 shield (worn)
 i - a +0 leather armour of poison resistance
Jewellery
 h - a ring of fire (left hand)
 k - a cursed amulet of inaccuracy (around neck)
Wands
 e - a wand of iceblast (14)
Scrolls
 f - a scroll of teleportation
 g - 5 scrolls of identify
 j - 2 scrolls of fog


   Skills:
 - Level 3.0 Fighting
 - Level 1.5 Axes
 + Level 5.7 Armour
 + Level 5.7 Shields


You had 6 spell levels left.
You didn't know any spells.
Your spell library contained the following spells:

 Spells                   Type           Power        Failure   Level  Hunger
 Shock                    Conj/Air       #...         99%         1    N/A
 Summon Small Mammal      Summ           #...         99%         1    N/A
 Call Imp                 Summ           #.......     99%         2    N/A
 Swiftness                Chrm/Air       #.......     99%         2    N/A
 Call Canine Familiar     Summ           #.......     100%        3    N/A
 Static Discharge         Conj/Air       #.......     100%        3    N/A
 Summon Guardian Golem    Hex/Summ       #.......     100%        3    N/A
 Airstrike                Air            #.........   100%        4    N/A
 Summon Ice Beast         Ice/Summ       #.......     100%        4    N/A
 Summon Lightning Spire   Summ/Air       #.......     100%        4    N/A
 Lightning Bolt           Conj/Air       #.........   100%        5    N/A

Dungeon Overview and Level Annotations

Branches:
Dungeon (6/15)             Temple (1/1) D:4

Altars:
Ashenzari
Dithmenos
Elyvilon
Fedhas
Gozag
Hepliaklqana
Kikubaaqudgha
Nemelex Xobeh
Okawaru
Qazlal
Ru
Sif Muna
Trog
Vehumet
Wu Jian
Xom
Zin
The Shining One

Annotations:
D:6 Folque001's ghost, novice DgCj


Innate Abilities, Weirdness & Mutations

You do not eat or drink.
Your flesh is vulnerable to fire.
You are immune to poison.
Your flesh is cold resistant. (rC+)
You are immune to negative energy. (rN+++)
You are immune to unholy pain and torment.
You can survive without breathing.


Message History

* * * LOW HITPOINT WARNING * * *
Folque001's ghost gestures at you while chanting.
The spray of energy hits you!
* * * LOW HITPOINT WARNING * * *
You closely miss Folque001's ghost.
Folque001's ghost is severely damaged.
Folque001's ghost hits you but does no damage.
You closely miss Folque001's ghost.
Folque001's ghost is severely damaged.
You block Folque001's ghost's attack.
You closely miss Folque001's ghost.
Folque001's ghost is severely damaged.
Folque001's ghost hits you.
* * * LOW HITPOINT WARNING * * *
You hit Folque001's ghost.
Folque001's ghost is almost destroyed.
Folque001's ghost gestures at you while chanting.
The lance of force hits you!
You die...
Xom chuckles heartily!

*,* #.##.
###*###.#****#.##.
****#%.,.....,,,,..##.
*,,,..##.....#***#.##.
*,**#.#..###..** #.*#.
*,* #...##⌠##..#**,*#.
*,* #%.##...##..#*,*#.
*,**#.##..%..##..*,*#.
*,,*#@W...♣..⌠#..*,*##
**,*#.##..!..##..#,*
*,*#..##...##..#..*
*,*##..##⌠##......*
#.###...###....#.#*
#.................*
#.###%......##.#.#*
*,* #..........#.####
*,* #...>............


You could see Folque001's ghost.

Vanquished Creatures
  4 scorpions
  A howler monkey (D:5)
  3 orc wizards
  A centaur skeleton (D:5)
  Jessica (D:2)
  A bullfrog skeleton (D:5)
  Natasha (thrice) (D:2)
  A worker ant (D:4)
  4 gnolls (D:3)
  A howler monkey skeleton (D:5)
  10 adders
  2 worms (D:3)
  2 dart slugs
  6 leopard geckos
  6 orcs
  3 bats
  6 giant cockroaches
  8 goblins
  6 hobgoblins
  6 jackals (D:2)
  A ball python (D:3)
  A ball python skeleton (D:5)
  5 frilled lizards
  A jackal zombie (D:5)
  8 kobolds
  A leopard gecko skeleton (D:4)
  A quokka skeleton (D:4)
  13 rats
106 creatures vanquished.

Vanquished Creatures (collateral kills)
  A phantom (D:5)
1 creature vanquished.

Vanquished Creatures (others)
  Purgy (D:5)
1 creature vanquished.

Grand Total: 108 creatures vanquished

Notes
Turn   | Place    | Note
-------+----------+-------------------------------------------
     0 | D:1      | Felnil the Mummy Fighter began the quest for the Orb.
     0 | D:1      | Reached XP level 1. HP: 18/18 MP: 1/1
   107 | D:1      | Reached XP level 2. HP: 24/24 MP: 2/2
   587 | D:2      | You fall through a shaft for 2 floors!
   593 | D:3      | Found a glowing golden altar of the Shining One.
   601 | D:3      | Found a radiant altar of Vehumet.
   742 | D:3      | Reached XP level 3. HP: 29/29 MP: 3/3
   764 | D:3      | Noticed Purgy
  1322 | D:3      | Reached XP level 4. HP: 4/35 MP: 4/4
  2235 | D:2      | Noticed Jessica
  2245 | D:2      | Killed Jessica
  2245 | D:2      | Reached XP level 5. HP: 34/41 MP: 5/5
  2357 | D:2      | Found a sacrificial altar of Ru.
  2651 | D:2      | Found a sparkling altar of Nemelex Xobeh.
  2762 | D:2      | Noticed Natasha
  2767 | D:2      | Killed Natasha
  2768 | D:2      | Noticed Natasha
  2791 | D:2      | Killed Natasha
  3378 | D:2      | Noticed Natasha
  3386 | D:2      | Killed Natasha
  3386 | D:2      | Reached XP level 6. HP: 44/47 MP: 6/6
  3858 | D:4      | Found a blossoming altar of Fedhas.
  3858 | D:4      | Found an ancient bone altar of Kikubaaqudgha.
  3901 | D:4      | Found a staircase to the Ecumenical Temple.
  3913 | Temple   | Entered the Ecumenical Temple
  3943 | Temple   | Became a worshipper of Xom of Chaos
  4038 | D:4      | XOM: divination: detect creatures
  4394 | D:4      | XOM: divination: magic mapping
  4417 | D:4      | Found an iron altar of Okawaru.
  4425 | D:4      | XOM: harmless Hex miscast
  4459 | D:4      | XOM: harmless Tmut miscast
  4507 | D:4      | XOM: fog
  4531 | D:5      | Entered Level 5 of the Dungeon
  4733 | D:5      | XOM: cloud trail
  5136 | D:4      | XOM: scenery: 6 doors open, 2 doors close
  5495 | D:5      | XOM: summons friendly quasit
  5602 | D:5      | Reached skill level 5 in Armour
  5602 | D:5      | Reached skill level 5 in Shields
  5602 | D:5      | Reached XP level 7. HP: 51/52 MP: 7/7
  5956 | D:5      | XOM: god gift: ration
  5997 | D:5      | XOM: cast spell 'Summon Hydra'
  6029 | D:5      | XOM: scenery: create altars
  6181 | D:5      | Killed Purgy
  6181 | D:5      | XOM: divine lightning
  6312 | D:6      | XOM: harmless Tloc miscast
  6319 | D:6      | XOM: enchant monster (bad)
  6712 | D:6      | Found a runed translucent door.
  6712 | D:6      | Noticed Folque001's ghost (novice DgCj)
  6730 | D:6      | XOM: harmless Necr miscast
  6734 | D:6      | HP: 2/52 [Folque001's ghost (4)]
  6735 | D:6      | Killed from afar by Folque001's ghost

Skill      XL: |  1  2  3  4  5  6 |
---------------+-------------------+-----
Armour         | 3 4 5 |  5.7
Shields        | 3 4 5 |  5.7
Fighting       | |  3.0
Axes           | |  1.5

Action                   |  1- 3 |  4- 6 |  7- 9 || total
-------------------------+-------+-------+-------++-------
Melee: War axe           |     6 |       |       ||     6
       Hand axe          |   102 |   372 |   119 ||   593
Evoke: Wand              |       |       |     4 ||     4
  Use: Scroll            |     7 |     4 |     2 ||    13
 Stab: Confused          |       |     3 |       ||     3
Armor: Scale mail        |    41 |   215 |    59 ||   315
Dodge: Dodged            |    31 |   130 |    21 ||   182
Block: Shield            |    62 |   226 |    68 ||   356
